 Dungeon Crawl Stone Soup version 0.29.1-2-gbd0b4ee654 (webtiles) character file.

Game seed: 12175585048630199777

705 LustLizard the Shooter (level 7, -5/55 HPs)
             Began as a Barachi Hunter on Nov 8, 2022.
             Was a Follower of Cheibriados.
             Slain by an orc
             ... wielding a +0 trident
              (6 damage)
             ... on level 5 of the Dungeon.
             The game lasted 00:09:15 (3500 turns).

LustLizard the Shooter (Barachi Hunter)             Turns: 3500, Time: 00:09:15

Health: -5/55      AC:  8    Str: 15    XL:     7   Next: 67%
Magic:  7/7        EV: 12    Int: 11    God:    Cheibriados [*.....]
Gold:   158        SH:  0    Dex: 19    Spells: 6/6 levels left

rFire   . . .      SeeInvis .   a - +0 shortbow
rCold   . . .      Faith    .   (shield currently unavailable)
rNeg    . . .      Spirit   .   h - +0 ring mail
rPois   .          Reflect  .   i - +0 helmet
rElec   .          Harm     .   (no cloak)
rCorr   .          Rampage  .   (no gloves)
Will    .....                   u - +1 pair of boots
Stlth   ++........              (no amulet)
HPRegen 0.18/turn               (no ring)
MPRegen 0.10/turn               (no ring)

@: unable to hop, very slow
A: amphibious, slowness 1, strong legs 1, +LOS
a: Hop, Renounce Religion, Bend Time


You were on level 5 of the Dungeon.
You worshipped Cheibriados.
Cheibriados was aware of your devotion.
You visited 2 branches of the dungeon, and saw 7 of its levels.

You collected 158 gold pieces.

Inventory:

Hand Weapons
 a - a +0 shortbow (weapon)
Missiles
 j - 7 poisoned darts
Armour
 c - a +0 leather armour
 h - a +0 ring mail (worn)
 i - a +0 helmet (worn)
 u - a +1 pair of boots (worn)
Wands
 p - a wand of acid (6)
Scrolls
 b - 2 scrolls of immolation
 d - a scroll of butterflies {unknown}
 g - a scroll of magic mapping {unknown}
 m - a scroll of brand weapon {unknown}
 n - 3 scrolls of teleportation
 o - 3 scrolls of identify
 s - a scroll of poison {unknown}
 t - a scroll of acquirement {unknown}
Potions
 e - a potion of resistance {unknown}
 f - a potion of curing
 k - a potion of flight {unknown}
 l - a potion of brilliance {unknown}
 q - a potion of berserk rage {unknown}
 r - a potion of attraction {unknown}


   Skills:
 + Level 4.4 Fighting
 * Level 6.0 Ranged Weapons
 + Level 4.1 Dodging
 + Level 3.0 Stealth
 * Level 4.1 Evocations


You had 6 spell levels left.
You didn't know any spells.
Your spell library contained the following spells:

 Spells                   Type           Power      Damage    Failure   Level
 Sting                    Tmut/Pois      0%         1d3       56%         1
 Poisonous Vapours        Pois/Air       0%         N/A       71%         2
 Sublimation of Blood     Necr           0%         N/A       71%         2
 Wereblood                Tmut           0%         N/A       71%         2
 Olgreb's Toxic Radiance  Pois           0%         N/A       100%        4
 Summon Hydra             Summ           0%         N/A       100%        7


Dungeon Overview and Level Annotations

Branches:
Dungeon (6/15)             Temple (1/1) D:6

Altars:
Cheibriados
Fedhas
Gozag
Kikubaaqudgha
Makhleb
Ru
Sif Muna
Trog
Uskayaw
Vehumet
Wu Jian
Xom
Yredelemnul
Zin
The Shining One

Annotations:
D:4 Grinder
Temple 2 transporters


Innate Abilities, Weirdness & Mutations

You are amphibious.
You cover ground slowly.
You can hop short distances.
You have an extended range of vision and can be seen from far away.


Message History

You are too injured to fight recklessly!
Fire: a) +0 shortbow
Press: ? - help, Q - select action, (/) - cycle Shift-Dir - straight line, f - orc
Aim: an orc, wielding a +0 flail (heavily wounded, 66% to hit)
You shoot an arrow. The arrow hits the orc.
The orc is almost dead.
The orc hits you but does no damage. x2
The orc hits you with a +0 flail.
* * * LOW HITPOINT WARNING * * *
The orc priest calls down the wrath of Beogh upon you.
Pain shoots through your body!
* * * LOW HITPOINT WARNING * * *
Fire: a) +0 shortbow
Press: ? - help, Q - select action, (/) - cycle Shift-Dir - straight line, f/p - orc
Aim: an orc, wielding a +0 flail (almost dead, 66% to hit)
You shoot an arrow. The arrow hits the orc.
You kill the orc!
Cheibriados appreciates the change of pace.
The orc closely misses you.
Fire: a) +0 shortbow
Press: ? - help, Q - select action, (/) - cycle Shift-Dir - straight line, f - orc priest
Aim: an orc priest, wielding a +0 mace and wearing a +0 ring mail (69% to hit)
You shoot an arrow. The arrow hits the orc priest!
The orc priest is severely wounded.
The orc hits you but does no damage.
You feel better. The orc hits you but does no damage.
The orc priest mumbles some strange prayers to Beogh against you.
Pain shoots through your body!
* * * LOW HITPOINT WARNING * * *
Fire: a) +0 shortbow
Press: ? - help, Q - select action, (/) - cycle Shift-Dir - straight line, f/p - orc priest
Aim: an orc priest, wielding a +0 mace and wearing a +0 ring mail (severely wounded, 69% to hit)
You shoot an arrow. The arrow hits the orc priest!
You kill the orc priest!
Cheibriados appreciates the change of pace.
A necrophage comes into view.
The orc closely misses you.
The necrophage hits you but does no damage.
The orc hits you from afar with a +0 trident.
You die...

... .... ..#
... #..# ..#
#.####..###..#
#............##
#.......##†....
#..........#
#....o#.#).#
#....n#)...#
#.#..#@##..# ..
#.###.#..# ...
..# #..... .
#.# #.#### ...
## ###


You could see a necrophage and an orc.

Vanquished Creatures
  A black bear (D:5)
  2 scorpions
  A necrophage (D:6)
  3 jellies
  2 orc priests
  A gnoll bouda (D:6)
  An iguana (D:6)
  4 orc wizards (D:6)
  5 gnolls (D:6)
  4 adders
  A shadow imp (D:6)
  A white imp (D:6)
  A worm (D:5)
  2 dart slugs (D:1)
  6 orcs
  5 endoplasms
  3 giant cockroaches
  4 goblins
  4 hobgoblins
  A quokka (D:1)
  4 ball pythons
  5 bats
  A frilled lizard (D:1)
  5 kobolds
  6 rats
73 creatures vanquished.

Notes
Turn   | Place    | Note
-------+----------+-------------------------------------------
     0 | D:1      | LustLizard the Barachi Hunter began the quest for the Orb.
     0 | D:1      | Reached XP level 1. HP: 17/17 MP: 1/1
    29 | D:1      | Reached skill level 1 in Stealth
   126 | D:1      | Reached XP level 2. HP: 23/23 MP: 2/2
   539 | D:1      | Reached XP level 3. HP: 28/28 MP: 3/3
   936 | D:2      | Found a faded altar of an unknown god.
  1189 | D:2      | Found a bloodstained altar of Trog.
  1201 | D:2      | Reached skill level 1 in Evocations
  1201 | D:2      | Reached XP level 4. HP: 33/35 MP: 4/4
  1798 | D:3      | You fall into a shaft and drop 3 floors!
  1939 | D:6      | Reached XP level 5. HP: 41/41 MP: 5/5
  2116 | D:6      | Found a basalt altar of Yredelemnul.
  2273 | D:6      | Reached skill level 5 in Ranged Weapons
  2294 | D:6      | Found a glowing silver altar of Zin.
  2313 | D:5      | Entered Level 5 of the Dungeon
  2313 | D:5      | Noticed an ogre
  2400 | D:6      | Found a staircase to the Ecumenical Temple.
  2418 | D:6      | Reached XP level 6. HP: 26/48 MP: 6/6
  2567 | Temple   | Entered the Ecumenical Temple
  2567 | Temple   | Found a transporter.
  2567 | Temple   | Found a transporter.
  2568 | Temple   | Found a transporter.
  2568 | Temple   | Found a transporter.
  2582 | Temple   | Became a worshipper of Cheibriados the Contemplative
  2833 | D:6      | Noticed an ice beast
  2888 | D:6      | Reached XP level 7. HP: 46/54 MP: 7/7
  3444 | D:4      | Reached skill level 6 in Ranged Weapons
  3449 | D:4      | Noticed Grinder
  3489 | D:5      | Reached * piety under Cheibriados
  3499 | D:5      | HP: 1/55 [orc priest/nerve-wracking pain (12)]
  3500 | D:5      | Slain by an orc

Illustrated notes

Levels and vault maps discovered:
D:1:      lightli_arrival_boilingwater, layout_loops_ring
D:2:      layout_basic, basic_altar, ebering_ecumenical_altar_hall,
          serial_corexii_hall, chequers_hall_statues_y, corexii_hall_statues_t,
          hangedman_feature_mirror
D:3:      layout_basic, nicolae_titane
D:4:      layout_loops_ring, uniq_sigmund, uniq_natasha, uniq_grinder
D:5:      layout_loops_ring, nicolae_elevator_lobby_asterisk
D:6:      kennysheep_spiral_hall, layout_basic,
          mainiacjoe_overflow_catch_the_wave, minmay_temple_entry_offerings
Temple:   hellmonk_temple_divided_pantheon

Skill      XL: |  1  2  3  4  5  6  7 |
---------------+----------------------+-----
Stealth        | 1 2 3 |  3.0
Fighting       | 3 4 |  4.4
Evocations     | 1 2 3 4 |  4.1
Dodging        | 3 4 |  4.1
Ranged Weapons | 5 6 |  6.0

Action                   |  1- 3 |  4- 6 |  7- 9 || total
-------------------------+-------+-------+-------++-------
 Fire: Shortbow          |   100 |   116 |    79 ||   295
 Abil: Hop               |       |     3 |     4 ||     7
Evoke: Wand              |       |     4 |       ||     4
  Use: Scroll            |       |     2 |       ||     2
       Potion            |       |     2 |     1 ||     3
Armor: Leather armour    |     2 |       |       ||     2
       Ring mail         |    12 |    27 |    37 ||    76
Dodge: Dodged            |    25 |    24 |    46 ||    95
